 Dungeon Crawl Stone Soup version 0.20.1-1-g8b1a95d (webtiles) character file.

2603 PinkySpy the Covered (level 9, -3/81 HPs)
             Began as a Deep Dwarf Fighter on Oct 20, 2017.
             Was a Priest of the Shining One.
             Slain by a two-headed ogre
             ... wielding a +0 giant spiked club
              (11 damage)
             ... on level 8 of the Dungeon.
             The game lasted 00:31:47 (5689 turns).

PinkySpy the Covered (Deep Dwarf Fighter)           Turns: 5689, Time: 00:31:48

Health: -3/81      AC: 13    Str: 22    XL:     9   Next: 33%
Magic:  1/1        EV:  8    Int: 10    God:    the Shining One [***...]
Gold:   621        SH:  0    Dex: 12    Spells: 8/8 levels left

rFire    + . .     SeeInvis .   G - +4 battleaxe (freeze)
rCold    . . .     Gourm    .   (shield currently unavailable)
rNeg     + . .     Faith    .   L - +0 plate armour
rPois    .         Spirit   .   (no helmet)
rElec    .         Reflect  .   (no cloak)
rCorr    .         Harm     .   (no gloves)
MR       +....                  (no boots)
Stlth    ..........             (no amulet)
Regen    0.0/turn               n - ring of protection from cold
MPRegen  0.1/turn               p - ring of fire

@: lethally poisoned (-3 -> -3), very slightly contaminated, non-regenerating,
glowing, drained, invisible (but backlit and visible)
A: damage resistance, heal wounds, sense surroundings 2, no regeneration
a: Heal Wounds, Divine Shield, Renounce Religion


You were on level 8 of the Dungeon.
You worshipped the Shining One.
The Shining One was most pleased with you.
You were hungry.

You visited 1 branch of the dungeon, and saw 8 of its levels.

You collected 621 gold pieces.

Inventory:

Hand Weapons
 h - a +0 halberd of chopping
 m - a +0 blowgun
 q - a +2 short sword of electrocution
 y - a +1 great sword
 G - a +4 battleaxe of freezing (weapon)
 H - a cursed +0 morningstar
 I - a +0 shortbow
 N - a +2 war axe of chopping
Missiles
 C - 2 javelins of penetration (quivered)
 J - 61 arrows
Armour
 c - a +1 shield
 L - a +0 plate armour (worn)
Magical Staves
 K - an uncursed staff of wizardry {unknown}
Jewellery
 n - a ring of protection from cold (left hand)
 o - a cursed ring of teleportation
 p - a ring of fire (right hand)
Wands
 x - a wand of polymorph (18/24)
Scrolls
 g - 4 scrolls of teleportation
 k - a scroll of magic mapping
 v - 2 scrolls of remove curse
 w - 3 scrolls of recharging
 D - a scroll of identify
 M - a scroll of random uselessness {unknown}
Potions
 d - 3 potions of might
 e - a potion of agility {unknown}
 i - a potion of berserk rage {unknown}
 j - a potion of ambrosia {unknown}
 l - 9 potions of curing {unknown}
 s - 2 potions of heal wounds {unknown}
 t - 2 potions of degeneration {unknown}
 u - 2 potions of flight {unknown}
Comestibles
 f - 4 bread rations
 r - 6 meat rations
 z - a royal jelly
 B - 5 fruits


   Skills:
 + Level 5.0(4.8) Fighting
 + Level 5.9(5.8) Short Blades
 + Level 5.0(4.9) Axes
 + Level 7.5(7.4) Armour
 + Level 3.5(3.4) Dodging
 + Level 0.3(0.2) Stealth
 + Level 6.7(6.6) Shields


You had 8 spell levels left.
You didn't know any spells.

Dungeon Overview and Level Annotations

Branches:
Dungeon (8/15)             Temple (0/1) D:6
   Lair: D:8-11

Altars:
Sif Muna
The Shining One

Shops:
D:4 :

Annotations:
D:8 Psyche


Innate Abilities, Weirdness & Mutations

You are resistant to damage.
You can heal yourself by infusing magical energy.
You passively map the area around you.
You do not regenerate.


Message History

You are more poisoned.
You slash Psyche! You freeze Psyche.
Psyche is severely wounded.
You hit the two-headed ogre. You freeze the two-headed ogre.
Psyche closely misses you. Psyche hits you but does no damage.
You become transparent, but the glow from your halo prevents you from becoming completely invisible.
You are very lightly contaminated with residual magic.
The two-headed ogre hits you with a giant spiked club!
* * * LOW HITPOINT WARNING * * *
The two-headed ogre hits you with a giant club!
* * * LOW HITPOINT WARNING * * *
You slice the two-headed ogre!! You freeze the two-headed ogre.
The two-headed ogre is almost dead.
Your plate armour prevents you from hitting Psyche.
You feel less confused.
Psyche hits you but does no damage. x2; You are electrocuted!
The Shining One protects you from harm!
The two-headed ogre hits you with a giant spiked club.
The two-headed ogre hits you with a giant club!
You die...

* ,** , ...###. , , .....#.
* , , ** #..#. * #...) , **
#..#. * .#####* ##.#. *,
..(...# #############..#
####(..###...[.......[... *
**#....<..@..##############
,%.#####@O### # * #..# # *
#..# * #..# , #... * , ....
** * ###.#.,, ** , , * #..#
,*


You could see a two-headed ogre and Psyche (invisible).

Vanquished Creatures
  A hippogriff (D:7)
  A water moccasin (D:7)
  A sky beast (D:5)
  2 ogres
  4 centaurs
  A bullfrog (D:7)
  2 scorpions
  8 wights (D:7)
  3 electric eels (D:6)
  7 crimson imps
  A bullfrog zombie (D:7)
  A quasit (D:7)
  A centaur zombie (D:6)
  3 hounds
  2 jellies (D:6)
  2 centaur skeletons
  A gnoll shaman (D:6)
  5 orc wizards
  3 iguanas (D:4)
  3 worker ants
  9 adders
  9 gnolls
  A howler monkey skeleton (D:4)
  2 shadow imps
  A worm (D:2)
  A dart slug (D:1)
  3 leopard geckos
  7 orcs
  8 giant cockroaches
  2 goblins
  5 hobgoblins
  2 quokkas
  5 ball pythons
  7 bats
  5 frilled lizards
  2 jackal skeletons
  13 kobolds
  A quokka skeleton (D:7)
  9 rats
144 creatures vanquished.

Notes
Turn   | Place    | Note
-------+----------+-------------------------------------------
     0 | D:1      | PinkySpy the Deep Dwarf Fighter began the quest for the Orb.
     0 | D:1      | Reached XP level 1. HP: 20/20 MP: 1/1
   242 | D:1      | Found a glowing golden altar of the Shining One.
   347 | D:1      | Reached XP level 2. HP: 20/27 MP: 2/2
   958 | D:1      | Became a worshipper of the Shining One
  1062 | D:2      | Reached XP level 3. HP: 19/33 MP: 3/3
  1955 | D:3      | Reached XP level 4. HP: 39/40 MP: 3/3
  1966 | D:3      | Found a deep blue altar of Sif Muna.
  2119 | D:3      | Reached skill level 4 in Armour
  2131 | D:3      | HP: 2/42 [gnoll/halberd of chopping (1)]
  2139 | D:3      | Reached XP level 5. HP: 45/49 MP: 2/2
  2142 | D:3      | Reached skill level 1 in Dodging
  2289 | D:3      | Reached * piety under the Shining One
  2688 | D:4      | Found Wiarimian's Book Boutique.
  2728 | D:4      | Noticed an ogre
  2736 | D:4      | Killed an ogre
  2736 | D:4      | Reached skill level 1 in Short Blades
  2736 | D:4      | Reached XP level 6. HP: 29/56 MP: 3/3
  2953 | D:4      | Reached skill level 5 in Armour
  3197 | D:5      | Entered Level 5 of the Dungeon
  3221 | D:5      | Noticed a sky beast
  3236 | D:5      | Killed a sky beast
  3236 | D:5      | Reached XP level 7. HP: 54/62 MP: 4/4
  3330 | D:5      | Reached skill level 5 in Shields
  3819 | D:5      | Reached skill level 6 in Armour
  3819 | D:5      | Reached XP level 8. HP: 59/72 MP: 5/5
  4059 | D:6      | Reached ** piety under the Shining One
  4364 | D:6      | Reached skill level 5 in Short Blades
  5082 | D:7      | Reached skill level 7 in Armour
  5082 | D:7      | Gained mutation: You passively map the area around you. [Deep Dwarf growth]
  5082 | D:7      | Reached XP level 9. HP: 68/79 MP: 3/3
  5087 | D:7      | Reached *** piety under the Shining One
  5539 | D:7      | Reached skill level 5 in Fighting
  5539 | D:7      | Reached skill level 5 in Axes
  5672 | D:8      | Noticed a two-headed ogre
  5675 | D:8      | Noticed Psyche
  5689 | D:8      | The Shining One protects you from harm!
  5689 | D:8      | Slain by a two-headed ogre

Skill      XL: |  1  2  3  4  5  6  7  8  9 |
---------------+----------------------------+-----
Axes           | 3 4 5 |  5.0
Fighting       | 3 4 5 |  5.0
Armour         | 4 5 6 7 |  7.5
Dodging        | 1 2 3 |  3.5
Shields        | 4 5 6 |  6.7
Short Blades   | 1 2 4 5 |  5.9
Stealth        | |  0.3

Action                   |  1- 3 |  4- 6 |  7- 9 || total
-------------------------+-------+-------+-------++-------
Melee: War axe           |   129 |     1 |       ||   130
       Short sword       |       |   100 |   172 ||   272
       Battleaxe         |       |       |    36 ||    36
 Abil: Heal Wounds       |     3 |    13 |    17 ||    33
  Use: Scroll            |       |     5 |    11 ||    16
  Eat: Chunk             |     2 |     4 |     7 ||    13
       Royal jelly       |       |     1 |       ||     1
Armor: Scale mail        |    53 |    41 |    29 ||   123
       Chain mail        |       |       |     9 ||     9
       Plate armour      |       |       |    24 ||    24
Dodge: Dodged            |    35 |    34 |    78 ||   147
Block: Shield            |    68 |    64 |    74 ||   206
